 Dungeon Crawl Stone Soup version 0.18-a0-1078-gebb93d0 (webtiles) character file.

71 ater218 the Chiller (level 4, -6/24 HPs)
             Began as a Deep Elf Ice Elementalist on Jan 14, 2016.
             Killed from afar by an orc wizard (9 damage)
             ... with a magic dart
             ... on level 1 of the Dungeon.
             The game lasted 00:06:05 (1532 turns).

ater218 the Chiller (Deep Elf Ice Elementalist)     Turns: 1532, Time: 00:06:05

Health: -6/24      AC:  2    Str:  5    XL:     4   Next: 5%
Magic:  2/12       EV: 13    Int: 21    God:
Gold:   17         SH:  0    Dex: 15    Spells: 2 memorised, 8 levels left

rFire  . . .     SeeInvis .     f - +0 dagger
rCold  . . .     Gourm    .     a - +0 robe
rNeg   . . .     Faith    .     (no shield)
rPois  .         Spirit   .     (no helmet)
rElec  .         Dismiss  .     (no cloak)
rCorr  .         Reflect  .     (no gloves)
SustAt .         Harm     .     (no boots)
MR     .....                    (no amulet)
Stlth  ++........               (no ring)
                                (no ring)

@: not resistant to hostile enchantments, unstealthy
A: no striking features
a: no special abilities


You were on level 1 of the Dungeon.
You were hungry.

You visited 1 branch of the dungeon, and saw 1 of its levels.

You collected 17 gold pieces.

Inventory:

Hand Weapons
 f - a +0 dagger (weapon)
Armour
 a - a +0 robe (worn)
Potions
 e - a potion of agility {unknown}
Books
 b - a book of Frost

   Spells                             Type                      Level
   a - Freeze                         Ice                          1
   b - Throw Frost                    Conjuration/Ice              2
   c - Ozocubu's Armour               Charms/Ice                   3
   d - Throw Icicle                   Conjuration/Ice              4
   e - Summon Ice Beast               Ice/Summoning                4
   f - Condensation Shield            Ice                          4
Comestibles
 c - a bread ration
 h - a royal jelly


   Skills:
 + Level 2.8 Dodging
 - Level 2.5 Stealth
 + Level 4.1 Spellcasting
 * Level 2.1 Conjurations
 + Level 4.1 Ice Magic


You had 8 spell levels left.
You knew the following spells:

 Your Spells              Type           Power        Failure   Level  Hunger
a - Freeze                Ice            ###.         1%          1    None
b - Throw Frost           Conj/Ice       ###...       6%          2    #......


Dungeon Overview and Level Annotations

Branches:
Dungeon (1/15)

Altars:


Message History

Casting: Freeze
Confirm with . or Enter, or press ? or * to list all spells.
Aiming: Freeze
Press: ? - help, Shift-Dir - straight line, f - orc wizard
Aim: an orc wizard, wielding a dagger and wearing a robe (purple smoke)
You freeze the orc wizard.
The orc wizard is lightly wounded.
The orc wizard casts a spell at you. The magic dart hits you!
* * * LOW HITPOINT WARNING * * *
Casting: Freeze
Confirm with . or Enter, or press ? or * to list all spells.
Aiming: Freeze
Press: ? - help, Shift-Dir - straight line, f/p - orc wizard
Aim: an orc wizard, wielding a dagger and wearing a robe (purple smoke, lightly wounded)
You freeze the orc wizard.
The orc wizard is heavily wounded.
The orc wizard gestures at you while chanting.
The magic dart hits you!
You die...

####.....##......##
#.........'.......#
#.#########.......# #.#
#.#####.# ## #.#####
##'## #.# #. #.....#
#...####.# #.
#.###.####...'....# #.
#.......##.§.###########.
#.###...@oo§§............
#.# #...##§§.###########.
#.# #...#§§§......#......
#.###...§§#######.#.#####
#.........#######.#.# #
#.........##......#.# #
#.........##......#.# #
#.###.....''......#.# #
#.####....##......#.# #


You could see an orc wizard and an orc.

Vanquished Creatures
  An orc wizard (D:1)
  A gnoll (D:1)
  A giant gecko (D:1)
  2 giant cockroaches (D:1)
  4 goblins (D:1)
  3 hobgoblins (D:1)
  2 jackals (D:1)
  4 kobolds (D:1)
  3 bats (D:1)
  3 giant newts (D:1)
  9 rats (D:1)
33 creatures vanquished.

Notes
Turn   | Place    | Note
--------------------------------------------------------------
     0 | D:1      | ater218 the Deep Elf Ice Elementalist began the quest for the Orb.
     0 | D:1      | Reached XP level 1. HP: 10/10 MP: 6/6
     6 | D:1      | Noticed a black bear
     6 | D:1      | Noticed a wyvern
   270 | D:1      | Noticed a komodo dragon
   270 | D:1      | Noticed a lindwurm
   476 | D:1      | Reached XP level 2. HP: 15/15 MP: 6/8
   480 | D:1      | Learned a level 2 spell: Throw Frost
  1042 | D:1      | Reached XP level 3. HP: 19/19 MP: 5/10
  1048 | D:1      | Reached skill level 4 in Ice Magic
  1526 | D:1      | Reached XP level 4. HP: 8/24 MP: 3/12
  1532 | D:1      | Killed from afar by an orc wizard

Vault maps used:
D:1:      onia_arrival_zoo_common

Action                   |  1- 3 |  4- 6 || total
-------------------------+-------+-------++-------
Melee: Unarmed           |     2 |       ||     2
 Cast: Freeze            |    18 |     3 ||    21
       Throw Frost       |    30 |       ||    30
  Use: Scroll            |     1 |     1 ||     2
  Eat: Chunk             |     2 |       ||     2
